[Event "Titled Tuesday Blitz March 15 Late 2022"]
[White "Oparin, Grigoriy"]
[Black "Travadon, Loic"]
[WhiteFideId "24125890"]
[BlackFideId "26092131"]
[WhiteElo "2665"]
[BlackElo "2095"]
[Result "0-1"]
[Round "04"]
[TimeControl "180+1"]
[Date "2022.03.15"]
[WhiteClock "0:00:10"]
[BlackClock "0:00:18"]

1. g3 e5 2. c4 h5 3. Nf3 e4 4. Nh4 g5 5. Ng2 c6 6. d3 exd3 7. Qxd3 Bg7 8. h4 g4 9. Nf4 Ne7 10. Bg2 d6 11. O-O Na6 12. Nc3 Be5 13. Rd1 Nc5 14. Qc2 Bf5 15. e4 Be6 16. Be3 Qc7 17. Rab1 a5 18. b3 Ng6 19. Nce2 Qe7 20. a3 a4 21. b4 Nb3 22. c5 dxc5 23. bxc5 O-O 24. Nxh5 Rad8 25. Nhf4 Nxf4 26. Nxf4 Nd4 27. Qxa4 Ra8 28. Qb4 Nc2 29. Qxb7 Qxb7 30. Rxb7 Nxe3 31. fxe3 Rxa3 32. Re1 Rd8 33. Bf1 Rd2 34. Rb6 Raa2 35. Rxc6 Rac2 36. Rb1 Bc4 37. Bxc4 Rxc4 38. Rd6 Bxd6 39. cxd6 Rxe4 40. Re1 Rxd6 41. Kf2 Rc4 42. Re2 Rc1 43. e4 Rdd1 44. Nh5 Rf1+ 45. Ke3 Rcd1 46. e5 Rf3+ 47. Ke4 Kf8 48. Re3 Rff1 49. Nf6 Ra1 50. Rd3 Ra4+ 51. Kd5 Rf3 52. Rd4 Rxd4+ 53. Kxd4 Rxg3 54. Ke4 Rg1 55. Kf4 g3 56. Kf3 Ke7 57. Nh5 g2 58. Kf2 Rh1 59. Kxg2 Rxh4 60. Ng3 Ke6 61. Kf3 Kxe5 62. Ne2 Rh3+ 63. Kg4 Re3 64. Ng3 Rxg3+ 65. Kxg3 Ke4 66. Kf2 Kf4 67. Ke2 f6 68. Ke1 Kf3 69. Kf1 f5 70. Kg1 Ke2 71. Kg2 f4 72. Kh3 f3 73. Kg4 f2 0-1


[Site "https://www.chess.com"]

[Event "Titled Tuesday Blitz March 15 Late 2022"]
[White "Ozates, Tuna"]
[Black "Mikhailov, Viacheslav"]
[WhiteFideId "6354521"]
[BlackFideId "4187369"]
[WhiteElo "1887"]
[BlackElo "2381"]
[Result "1-0"]
[Round "04"]
[TimeControl "180+1"]
[Date "2022.03.16"]
[WhiteClock "0:00:09"]
[BlackClock "0:00:01"]

1. e4 d6 2. d4 Nf6 3. Nc3 g6 4. f4 Bg7 5. Nf3 O-O 6. Be3 Bg4 7. Be2 c6 8. h3 Bxf3 9. Bxf3 Na6 10. e5 Ne8 11. Qe2 Nec7 12. O-O-O Nb4 13. h4 Ncd5 14. Nxd5 Nxd5 15. h5 Qa5 16. Kb1 Nxe3 17. Qxe3 c5 18. hxg6 hxg6 19. Bg4 cxd4 20. Qh3 Rfd8 21. e6 d3 22. Rxd3 Qb4 23. Rb3 Qe4 24. exf7+ Kf8 25. f5 Rac8 26. Rc1 Rc4 27. Qh7 Kxf7 28. fxg6+ Kf6 29. Rf3+ Qxf3 30. Bxf3 Rh8 31. Bxb7 Rxh7 32. gxh7 Kg6 33. Ba6 Rb4 34. Bd3+ Kg5 35. c3 Rb8 36. Rf1 Bxc3 37. Rf5+ Kg4 38. Rb5 Rxb5 39. Bxb5 Bg7 40. Bc6 Kf4 41. Kc2 Ke3 42. b4 e6 43. a4 d5 44. b5 d4 45. a5 e5 46. Bf3 e4 47. Bh5 1-0


[Site "https://www.chess.com"]

[Event "Titled Tuesday Blitz March 15 Late 2022"]
[White "P., Komal Kishore"]
[Black "Cervantes Landeiro, Thalia"]
[WhiteFideId "5016703"]
[BlackFideId "3520498"]
[WhiteElo "2128"]
[BlackElo "2021"]
[Result "0-1"]
[Round "04"]
[TimeControl "180+1"]
[Date "2022.03.16"]
[WhiteClock "0:00:35"]
[BlackClock "0:01:07"]

1. e4 c5 2. Nf3 d6 3. Bb5+ Nd7 4. O-O a6 5. Be2 Ngf6 6. d3 g6 7. c3 Bg7 8. Nbd2 O-O 9. d4 cxd4 10. cxd4 b5 11. Re1 Bb7 12. Bd3 e6 13. Nf1 Rc8 14. Bg5 Qb6 15. Ng3 h6 16. Be3 Ng4 17. Bd2 e5 18. h3 Ngf6 19. Be3 Qc7 20. Rc1 Qb8 21. a3 exd4 22. Nxd4 d5 23. Rxc8 Rxc8 24. f3 Qxg3 25. Bf2 Qb8 26. exd5 Nxd5 27. Qb3 Nc5 28. Qc2 Nf4 29. Bf1 Ncd3 0-1


[Site "https://www.chess.com"]

[Event "Titled Tuesday Blitz March 15 Late 2022"]
[White "Paravyan, David"]
[Black "Rasulov, Vugar"]
[WhiteFideId "4194985"]
[BlackFideId "13402390"]
[WhiteElo "2569"]
[BlackElo "2560"]
[Result "1-0"]
[Round "04"]
[TimeControl "180+1"]
[Date "2022.03.15"]
[WhiteClock "0:01:07"]
[BlackClock "0:01:00"]

1. e4 c5 2. Nf3 d6 3. d4 cxd4 4. Nxd4 Nf6 5. Nc3 a6 6. Bg5 e6 7. f4 Be7 8. Qf3 Nbd7 9. O-O-O Qc7 10. g4 b5 11. Bxf6 Nxf6 12. g5 Nd7 13. f5 Nc5 14. f6 gxf6 15. gxf6 Bf8 16. a3 Rb8 17. Qe3 h5 18. Kb1 b4 19. Nd5 Qb7 20. axb4 Bh6 21. Qe1 exd5 22. exd5+ Kf8 23. Qe7+ Kg8 24. Nc6 Bg4 25. Rg1 Nd7 26. Nxb8 Bf8 27. Qxd7 1-0


[Site "https://www.chess.com"]

[Event "Titled Tuesday Blitz March 15 Late 2022"]
[White "Perez Leiva, Jerzy Jesus"]
[Black "Oro, Luis"]
[WhiteFideId "3524337"]
[BlackFideId "104094"]
[WhiteElo "2261"]
[BlackElo "2267"]
[Result "0-1"]
[Round "04"]
[TimeControl "180+1"]
[Date "2022.03.16"]
[WhiteClock "0:00:04"]
[BlackClock "0:00:16"]

1. e4 c5 2. Nf3 d6 3. d4 cxd4 4. Nxd4 Nf6 5. Nc3 a6 6. Bg5 e6 7. f4 h6 8. Bh4 Qb6 9. Qd3 Qxb2 10. Rb1 Qa3 11. f5 Be7 12. fxe6 fxe6 13. e5 dxe5 14. Bxf6 Bxf6 15. Qg6+ Ke7 16. Nb3 Qb4 17. Nd2 Qxc3 18. Bd3 Nd7 19. O-O Qxd2 20. Rxf6 gxf6 21. Qg7+ Kd6 22. Qxh8 e4 23. Bf1 Kc7 24. a4 e3 25. Qxh6 Qf2+ 26. Kh1 e2 27. Bxe2 Qxe2 28. a5 Qe5 29. h4 Nc5 30. h5 Bd7 31. Qg6 Rh8 32. h6 Qf4 33. h7 Qf5 34. Qg7 Rxh7+ 35. Qxh7 Qxh7+ 36. Kg1 Qxc2 0-1


[Site "https://www.chess.com"]

[Event "Titled Tuesday Blitz March 15 Late 2022"]
[White "Petesch, Gabriel"]
[Black "Matinian, Nikita"]
[WhiteFideId "2032465"]
[BlackFideId "24129100"]
[WhiteElo "2374"]
[BlackElo "2422"]
[Result "0-1"]
[Round "04"]
[TimeControl "180+1"]
[Date "2022.03.15"]
[WhiteClock "0:00:02"]
[BlackClock "0:01:12"]

1. g3 e5 2. Bg2 Nc6 3. c3 Nf6 4. Nf3 e4 5. Nd4 h5 6. d3 d5 7. Nxc6 bxc6 8. dxe4 Nxe4 9. Bxe4 dxe4 10. Qxd8+ Kxd8 11. Nd2 f5 12. Nc4 Ke7 13. Bg5+ Ke6 14. Na5 c5 15. O-O-O Ba6 16. Rd2 Bd6 17. Rhd1 Rab8 18. Bf4 Rb6 19. b3 h4 20. Kb2 h3 21. Kc2 Rg8 22. Bg5 Rh8 23. Bf4 Rh5 24. Nc4 Bxc4 25. bxc4 g5 26. Bxd6 cxd6 27. Rb1 f4 28. Rxb6 axb6 29. Rd5 e3 30. fxe3 fxg3 0-1


[Site "https://www.chess.com"]

[Event "Titled Tuesday Blitz March 15 Late 2022"]
[White "Petrova, Irina"]
[Black "Burke, Paul"]
[WhiteFideId "14124122"]
[BlackFideId "2605767"]
[WhiteElo "1993"]
[BlackElo "1890"]
[Result "1-0"]
[Round "04"]
[TimeControl "180+1"]
[Date "2022.03.16"]
[WhiteClock "0:00:28"]
[BlackClock "0:00:41"]

1. e4 e5 2. Nf3 Nc6 3. Bb5 f5 4. d3 Nf6 5. Nc3 Be7 6. Bc4 d6 7. Ng5 Rf8 8. Nxh7 Nxh7 9. Qh5+ Kd7 10. Qxh7 Na5 11. Bd5 c6 12. Bb3 Nxb3 13. axb3 Bf6 14. Qxf5+ Kc7 15. Qg6 a6 16. Be3 b6 17. Na4 c5 18. Nc3 Bb7 19. Nd5+ Bxd5 20. exd5 Kb7 21. h4 Qc7 22. h5 e4 23. O-O-O exd3 24. Qxd3 b5 25. h6 gxh6 26. Rxh6 Rf7 27. Rdh1 Qa5 28. Kb1 b4 29. Rh7 Rf8 30. Rxf7+ Rxf7 31. Rh7 Qc7 32. Rxf7 Qxf7 33. Qf5 Qg7 34. Qe6 Bxb2 35. Qxd6 Ba3 36. Qc6+ Kb8 37. Bf4+ Ka7 38. Qxc5+ Kb7 39. Qc6+ Ka7 40. Qc7+ Qxc7 41. Bxc7 Kb7 42. d6 1-0


[Site "https://www.chess.com"]

[Event "Titled Tuesday Blitz March 15 Late 2022"]
[White "Pichot, Alan"]
[Black "Suder, Jakub"]
[WhiteFideId "110973"]
[BlackFideId "1195310"]
[WhiteElo "2579"]
[BlackElo "2058"]
[Result "1-0"]
[Round "04"]
[TimeControl "180+1"]
[Date "2022.03.15"]
[WhiteClock "0:00:45"]
[BlackClock "0:00:19"]

1. d4 d5 2. Nf3 e6 3. c4 a6 4. cxd5 exd5 5. Nc3 Nf6 6. Bg5 Be6 7. e3 Nbd7 8. Bd3 Bd6 9. O-O c6 10. Qc2 Qb8 11. Bh4 O-O 12. Bg3 Bg4 13. Nd2 Re8 14. b4 Bh5 15. a4 Bxg3 16. hxg3 b5 17. Nb3 Bg6 18. Ra2 Bxd3 19. Qxd3 Qd6 20. Nc5 Nxc5 21. dxc5 Qe5 22. Ne2 Ne4 23. Rfa1 Qf6 24. Nd4 Rac8 25. axb5 axb5 26. Qc2 h5 27. Ra7 h4 28. gxh4 Qxh4 29. Rb7 Re5 30. Nf3 Qh5 31. Nxe5 Qxe5 32. Raa7 Ng5 33. Qe2 d4 34. f4 Qe4 35. fxg5 dxe3 36. Rxf7 Rd8 37. Rxg7+ 1-0


[Site "https://www.chess.com"]

[Event "Titled Tuesday Blitz March 15 Late 2022"]
[White "Piliczewski, Bogusz"]
[Black "Morris-Suzuki, Sophie"]
[WhiteFideId "1104144"]
[BlackFideId "30922615"]
[WhiteElo "1896"]
[BlackElo "2489"]
[Result "0-1"]
[Round "04"]
[TimeControl "180+1"]
[Date "2022.03.16"]
[WhiteClock "0:00:01"]
[BlackClock "0:00:04"]

1. d4 d5 2. Nf3 Nf6 3. c4 dxc4 4. e3 Bg4 5. Bxc4 e6 6. Qb3 Bxf3 7. gxf3 c5 8. Qxb7 Nbd7 9. Nc3 cxd4 10. exd4 Be7 11. Bf4 O-O 12. Bc7 Qe8 13. Bb5 Bb4 14. O-O-O Qe7 15. Rd3 Rac8 16. Ba6 Bxc3 17. bxc3 Nc5 18. dxc5 Rxc7 19. Qb4 Nd5 20. Qd4 Rxc5 21. Rg1 f6 22. Bc4 Rfc8 23. Bxd5 Rxd5 24. Qe3 Qa3+ 25. Kd2 Qxa2+ 26. Ke1 Qb1+ 27. Ke2 Qc2+ 28. Qd2 Qb3 29. Rxd5 exd5 30. Rc1 Re8+ 31. Kf1 Qc4+ 32. Kg2 Re2 33. Qd4 Qxd4 34. cxd4 Re7 35. Rc5 Rd7 36. Rc8+ Kf7 37. Ra8 Ke6 38. Kf1 Kd6 39. Ke2 Kc6 40. Rc8+ Kb5 41. Rc5+ Kb6 42. Ke3 a5 43. Kd3 Rc7 44. Rxd5 a4 45. Rd6+ Kb5 46. Rd8 Ra7 47. Rb8+ Kc6 48. Kc2 a3 49. Kb1 a2+ 50. Ka1 Kd5 51. Rd8+ Kc4 52. d5 Kc5 53. d6 Kc6 54. f4 Rd7 55. Rc8+ Kxd6 56. Kxa2 Ke6 57. Rc5 Rd4 58. f5+ Kf7 59. Kb3 Ke7 60. Kc3 Rd7 61. Ra5 Kd6 62. Kd4 Kc6+ 63. Ke4 Kb6 64. Ra3 Kc6 65. Rc3+ Kb7 66. Rb3+ Kc7 67. Rc3+ Kd8 0-1


[Site "https://www.chess.com"]

[Event "Titled Tuesday Blitz March 15 Late 2022"]
[White "Postnikov, Daniil"]
[Black "Kamsky, Gata"]
[WhiteFideId "4166329"]
[BlackFideId "2000024"]
[WhiteElo "2261"]
[BlackElo "2645"]
[Result "1-0"]
[Round "04"]
[TimeControl "180+1"]
[Date "2022.03.15"]
[WhiteClock "0:00:09"]
[BlackClock "0:00:09"]

1. e4 e5 2. Nf3 Nc6 3. Nc3 Nf6 4. Bb5 Bb4 5. O-O O-O 6. d3 Bxc3 7. bxc3 d6 8. Nd2 a6 9. Bxc6 bxc6 10. f4 exf4 11. Rxf4 Qe7 12. Rb1 d5 13. c4 Qd6 14. Qf3 dxe4 15. Nxe4 Nxe4 16. Rxe4 Be6 17. Bf4 Qd7 18. Qg3 Bf5 19. Re3 Rfe8 20. h3 Rxe3 21. Bxe3 Re8 22. Kh2 Bg6 23. Rb7 Qd6 24. Bf4 Qa3 25. Qe3 f6 26. Qd4 Bf5 27. Rxc7 Qxa2 28. Bh6 1-0


[Site "https://www.chess.com"]

[Event "Titled Tuesday Blitz March 15 Late 2022"]
[White "Rabineau, Clement"]
[Black "Zomorrodian, Eilia"]
[WhiteFideId "628891"]
[BlackFideId "12551805"]
[WhiteElo "2237"]
[BlackElo "2098"]
[Result "0-1"]
[Round "04"]
[TimeControl "180+1"]
[Date "2022.03.16"]
[WhiteClock "0:00:02"]
[BlackClock "0:00:17"]

1. e4 c5 2. c3 Nf6 3. e5 Nd5 4. Bc4 Nb6 5. Bb3 Nc6 6. Nf3 d5 7. exd6 Qxd6 8. O-O c4 9. Bc2 g6 10. b3 Bg7 11. Na3 cxb3 12. axb3 O-O 13. h3 e5 14. Re1 h6 15. Nb5 Qd8 16. Ba3 Re8 17. Nd6 Re6 18. Nxc8 Rxc8 19. d4 Nd5 20. Bb2 Nf4 21. dxe5 Qxd1 22. Rexd1 Nxe5 23. Nxe5 Bxe5 24. Rxa7 Bxc3 25. Bxc3 Rxc3 26. Bb1 Rb6 27. Ba2 Rc2 28. Kh2 Rxf2 29. Kg3 Rxg2+ 30. Kxf4 Rf6+ 31. Ke3 Re6+ 32. Kf3 Rh2 33. Kg3 Rc2 34. b4 Re3+ 35. Kf4 Rxh3 36. Rd8+ Kg7 37. Rd7 g5+ 38. Ke4 Re2+ 39. Kd5 Rd2+ 0-1


[Site "https://www.chess.com"]

[Event "Titled Tuesday Blitz March 15 Late 2022"]
[White "Rastbod, Ali"]
[Black "Meduri, Aakaash"]
[WhiteFideId "12567477"]
[BlackFideId "2032252"]
[WhiteElo "2200"]
[BlackElo "2096"]
[Result "1-0"]
[Round "04"]
[TimeControl "180+1"]
[Date "2022.03.16"]
[WhiteClock "0:00:11"]
[BlackClock "0:00:04"]

1. c4 f5 2. Nc3 Nf6 3. g3 e5 4. d4 e4 5. f3 Bb4 6. Qb3 Nc6 7. Be3 a5 8. a3 a4 9. Qc2 Bxc3+ 10. Qxc3 d5 11. Bg5 Be6 12. e3 O-O 13. f4 Na5 14. cxd5 Bxd5 15. Nh3 h6 16. Bxf6 Rxf6 17. Qc2 Nb3 18. Rd1 Rc6 19. Qb1 Qe8 20. Nf2 Ra5 21. Be2 Bc4 22. Bxc4+ Rxc4 23. O-O Qc6 24. g4 g6 25. gxf5 Rxf5 26. Qxe4 Qb6 27. Nd3 Rc2 28. Nc5 Qxc5 29. dxc5 Nxc5 30. Qxc2 1-0


[Site "https://www.chess.com"]

[Event "Titled Tuesday Blitz March 15 Late 2022"]
[White "Riehle, Marco"]
[Black "Xu, Yi"]
[WhiteFideId "12904392"]
[BlackFideId "8605564"]
[WhiteElo "2462"]
[BlackElo "2471"]
[Result "1/2-1/2"]
[Round "04"]
[TimeControl "180+1"]
[Date "2022.03.15"]
[WhiteClock "0:00:04"]
[BlackClock "0:00:05"]

1. e4 c5 2. a3 e6 3. b4 b6 4. Bb2 Bb7 5. d3 Nf6 6. Nf3 cxb4 7. Be2 bxa3 8. Nxa3 Bb4+ 9. c3 Be7 10. O-O d6 11. c4 e5 12. Ng5 h6 13. Nh3 g5 14. Nb5 a6 15. Nc3 Nc6 16. Nd5 Nxd5 17. exd5 Nd4 18. Bxd4 exd4 19. f4 Bc8 20. Bg4 Bxg4 21. Qxg4 Qd7 22. Qxd7+ Kxd7 23. fxg5 hxg5 24. Rxf7 Ke8 25. Rg7 Bf6 26. Re1+ Kf8 27. Rb7 g4 28. Nf4 Rh6 29. Rxb6 a5 30. Rxd6 a4 31. Ne6+ Kf7 32. Rd7+ Kg6 33. c5 a3 34. c6 a2 35. Ra1 Rhh8 36. c7 Kf5 37. Nc5 Be5 38. g3 Bxc7 39. Rxc7 Rhb8 40. Nb7 Ra3 41. d6 Rb3 42. Rxa2 R3xb7 43. Rf2+ Ke5 44. Rc5+ Kxd6 45. Rg5 Rb3 46. Rxg4 Rxd3 47. Kg2 Kd5 48. h4 Rdb3 49. Rf5+ Kc4 50. h5 Rb2+ 51. Kh3 Rb1 52. Rh4 Rh1+ 53. Kg4 Rg8+ 54. Rg5 Rxg5+ 55. Kxg5 Rxh4 56. gxh4 d3 57. h6 d2 58. h7 d1=Q 59. h8=Q Qd5+ 60. Kf4 Qf7+ 61. Kg4 Qg6+ 62. Kf4 Qf7+ 63. Kg5 Qd5+ 64. Kg6 Qe4+ 65. Kf7 Qb7+ 66. Kg8 Qc8+ 67. Kh7 Qf5+ 68. Kg8 Qc8+ 69. Kh7 Qf5+ 70. Kg8 Qc8+ 1/2-1/2


[Site "https://www.chess.com"]

[Event "Titled Tuesday Blitz March 15 Late 2022"]
[White "Risteski, Emil"]
[Black "Sinitsina, Anastassia"]
[WhiteFideId "15005267"]
[BlackFideId "4504640"]
[WhiteElo "2070"]
[BlackElo "2144"]
[Result "1-0"]
[Round "04"]
[TimeControl "180+1"]
[Date "2022.03.16"]
[WhiteClock "0:00:06"]
[BlackClock "0:00:01"]

1. e4 e5 2. Nf3 Nc6 3. Nc3 Nf6 4. g3 Bc5 5. Bg2 O-O 6. O-O d6 7. d3 h6 8. Na4 Bb6 9. Nxb6 axb6 10. h3 Be6 11. c4 Qd7 12. Kh2 Nh7 13. b3 f5 14. exf5 Rxf5 15. d4 exd4 16. Nxd4 Nxd4 17. Qxd4 Raf8 18. Bb2 Qf7 19. f4 Qf6 20. Qd2 Qd8 21. g4 Ra5 22. f5 Bf7 23. Bxb7 Nf6 24. Bg2 d5 25. Bxf6 Qxf6 26. cxd5 Rd8 27. b4 Ra4 28. Rad1 Qd6+ 29. Rf4 Rda8 30. Ra1 Rxa2 31. Rxa2 Rxa2 32. Qxa2 Qxf4+ 33. Kg1 Qxb4 34. Qe2 Qd4+ 35. Kh2 Qf4+ 36. Kg1 Qd6 37. Qe4 Qc5+ 38. Kh2 b5 39. h4 Qf2 40. g5 hxg5 41. hxg5 Qd2 42. g6 Qh6+ 43. Kg3 1-0


[Site "https://www.chess.com"]

[Event "Titled Tuesday Blitz March 15 Late 2022"]
[White "Romero Ruscalleda, Josep"]
[Black "Roberson, Peter T"]
[WhiteFideId "2231859"]
[BlackFideId "412384"]
[WhiteElo "2334"]
[BlackElo "2346"]
[Result "0-1"]
[Round "04"]
[TimeControl "180+1"]
[Date "2022.03.16"]
[WhiteClock "0:00:05"]
[BlackClock "0:00:37"]

1. e4 e5 2. Nf3 Nc6 3. Bc4 Bc5 4. c3 Nf6 5. b4 Be7 6. d3 O-O 7. Bb3 d5 8. Qe2 Re8 9. O-O h6 10. Rd1 Be6 11. Nbd2 Bf8 12. b5 Na5 13. Bc2 Qd6 14. a4 Rad8 15. Ba3 Qb6 16. Bxf8 Kxf8 17. Nxe5 Qc5 18. c4 dxe4 19. d4 Rxd4 20. Nxe4 Qxe5 21. Rxd4 Qxd4 22. Rd1 Qe5 23. f4 Qh5 24. Qd2 Nxe4 25. Bxe4 Nb3 26. Qb4+ Qc5+ 27. Qxc5+ Nxc5 28. Bf3 b6 29. h3 Bxc4 30. Bc6 Rc8 31. Rd4 Bb3 32. a5 bxa5 33. Rd2 a4 34. Kf2 a3 0-1


[Site "https://www.chess.com"]

[Event "Titled Tuesday Blitz March 15 Late 2022"]
[White "Royal, Shreyas"]
[Black "Ansh M Shah"]
[WhiteFideId "448869"]
[BlackFideId "25033379"]
[WhiteElo "1986"]
[BlackElo "1819"]
[Result "1-0"]
[Round "04"]
[TimeControl "180+1"]
[Date "2022.03.16"]
[WhiteClock "0:00:33"]
[BlackClock "0:00:11"]

1. d4 Nf6 2. c4 g6 3. Nc3 d5 4. cxd5 Nxd5 5. e4 Nxc3 6. bxc3 Bg7 7. Bc4 c5 8. Ne2 O-O 9. O-O Nc6 10. Be3 b6 11. Qd2 Na5 12. Bd3 c4 13. Bc2 e6 14. Bg5 Qd7 15. Bh6 Bb7 16. h4 Rad8 17. h5 Rfe8 18. Bxg7 Kxg7 19. Qg5 f6 20. Qg3 e5 21. d5 Bc8 22. f3 Qd6 23. f4 exf4 24. Nxf4 g5 25. h6+ Kh8 26. Nh5 Qxg3 27. Nxg3 Rd6 28. Nh5 f5 29. Ng7 Rf8 30. Nxf5 Bxf5 31. Rxf5 Rxf5 32. exf5 Rxd5 33. Re1 Kg8 34. Re7 Nc6 35. Rg7+ Kh8 36. f6 Rd8 37. Rxh7+ Kg8 38. Rg7+ Kh8 39. Rxg5 Rf8 40. Be4 Rxf6 41. h7 Rf8 42. Bxc6 Kxh7 43. Rd5 Rf6 44. Rd7+ Kh6 45. Be4 Re6 46. Bd5 Re1+ 47. Kh2 Rc1 48. Bxc4 Rxc3 49. Bb3 a5 50. Rd6+ Kg5 51. Rxb6 a4 52. Bxa4 Ra3 53. Bb3 Kf4 54. Rb4+ Kg5 55. Re4 Ra8 56. Re3 Kf4 57. Rf3+ Kg4 58. Be6+ Kg5 59. g4 Ra6 60. Re3 Kf4 61. Re1 Kg5 62. Kg3 Ra3+ 63. Bb3 Ra5 64. Re8 Rc5 65. Rg8+ Kf6 66. Kf4 Rc3 67. g5+ Ke7 68. Rg7+ Kf8 69. Rb7 Rc1 70. g6 Rf1+ 71. Ke5 Re1+ 72. Kd6 Rg1 73. Rb8+ Kg7 74. Rg8+ Kf6 75. Kc5 Rc1+ 76. Kb4 Rg1 77. a4 Rxg6 78. Rxg6+ Kxg6 79. Kb5 Kf6 80. Kb6 Ke7 81. Kb7 Kd6 82. a5 Kc5 83. a6 Kb4 84. a7 Kxb3 85. a8=Q Kc2 86. Qa3 Kb1 87. Qc3 Ka2 88. Qb4 1-0


[Site "https://www.chess.com"]

[Event "Titled Tuesday Blitz March 15 Late 2022"]
[White "Rozman, Levy"]
[Black "Yoo, Christopher Woojin"]
[WhiteFideId "2039877"]
[BlackFideId "30909694"]
[WhiteElo "2376"]
[BlackElo "2105"]
[Result "0-1"]
[Round "04"]
[TimeControl "180+1"]
[Date "2022.03.15"]
[WhiteClock "0:00:02"]
[BlackClock "0:00:04"]

1. d4 Nf6 2. Bg5 Ne4 3. h4 h6 4. Bf4 d5 5. e3 Bf5 6. Bd3 e6 7. g4 Bh7 8. f3 Nf6 9. Bxh7 Rxh7 10. Qd3 c5 11. Ne2 Nc6 12. c3 Rh8 13. Nd2 Bd6 14. O-O-O cxd4 15. exd4 Bxf4 16. Nxf4 Qc7 17. Qe3 O-O-O 18. g5 hxg5 19. hxg5 Nd7 20. g6 Rxh1 21. Rxh1 Nf8 22. gxf7 Qxf7 23. Re1 Qf5 24. Nb3 b6 25. Rg1 g5 26. Nd3 Nh7 27. Re1 Nf8 28. a4 Rd7 29. a5 Rf7 30. axb6 axb6 31. Nd2 Rf6 32. Rg1 Rg6 33. b4 Nd7 34. Rh1 Rg8 35. Nb3 g4 36. Rf1 g3 37. Rg1 e5 38. dxe5 Ncxe5 39. Nxe5 Qxe5 40. Qd3 g2 41. Nd2 Qh2 42. Qd4 Re8 43. Qf2 Re2 44. Qxe2 Qxg1+ 45. Kc2 Qh2 46. Qe8+ Kc7 47. Nb3 g1=Q+ 48. Nd2 Qgf2 0-1


[Site "https://www.chess.com"]

[Event "Titled Tuesday Blitz March 15 Late 2022"]
[White "Rustemov, Alexander"]
[Black "Fiorito, Fabian"]
[WhiteFideId "4119002"]
[BlackFideId "100200"]
[WhiteElo "2745"]
[BlackElo "2395"]
[Result "1/2-1/2"]
[Round "04"]
[TimeControl "180+1"]
[Date "2022.03.16"]
[WhiteClock "0:00:02"]
[BlackClock "0:00:06"]

1. d4 Nf6 2. c4 b6 3. f3 Bb7 4. e4 e5 5. dxe5 Nh5 6. Ne2 Bc5 7. Nbc3 Nc6 8. f4 O-O 9. g3 d6 10. exd6 cxd6 11. Bg2 Re8 12. a3 a5 13. Qd3 f5 14. Be3 Bxe3 15. Qxe3 Nf6 16. O-O fxe4 17. h3 Qe7 18. Rad1 Ba6 19. b3 Rab8 20. g4 Bb7 21. Ng3 Na7 22. Nf5 Qf8 23. Nxd6 Re7 24. g5 Nh5 25. f5 Nc6 26. f6 Re5 27. fxg7 Qxg7 28. Rf7 Qxg5 29. Qxg5+ Rxg5 30. Ncxe4 Rg7 31. Rxb7 Rbxb7 32. Nxb7 Rxb7 33. Nd6 Rg7 34. Kh2 Ne7 35. Rf1 h6 36. b4 axb4 37. axb4 Ng3 38. Rf3 Ne2 39. b5 Nd4 40. Rf4 Ne6 41. Re4 Nc5 42. Re3 Ng6 43. Bd5+ Kh7 44. Nf5 Rc7 45. Re8 Nf4 46. Kg3 Nxd5 47. cxd5 Rd7 48. d6 Kg6 49. Kf4 Nd3+ 50. Ke4 Nc5+ 51. Ke5 Nd3+ 52. Ke4 Nc5+ 53. Ke5 Nd3+ 54. Ke6 Nc5+ 55. Kd5 Kxf5 56. Rf8+ Kg6 57. Kc6 Rf7 58. Rb8 Kf6 59. Rxb6 Nd7 60. Rb7 Ke6 61. Rc7 Ne5+ 62. Kb6 Nd7+ 63. Kb7 Rf5 64. b6 Rb5 65. Rc6 Kd5 66. Kc7 Nxb6 67. d7 Nxd7 68. Rd6+ Ke5 69. Rxh6 Kf4 70. Kxd7 Rf5 71. h4 Kg4 72. Ke6 Rh5 73. Rxh5 Kxh5 74. Kf5 Kxh4 1/2-1/2


[Site "https://www.chess.com"]

[Event "Titled Tuesday Blitz March 15 Late 2022"]
[White "Sadilek, Peter"]
[Black "Sailer, Mike"]
[WhiteFideId "1616439"]
[BlackFideId "2012901"]
[WhiteElo "2145"]
[BlackElo "2109"]
[Result "1-0"]
[Round "04"]
[TimeControl "180+1"]
[Date "2022.03.16"]
[WhiteClock "0:00:57"]
[BlackClock "0:01:40"]

1. e4 d5 2. exd5 Qxd5 3. Nf3 Bg4 4. Be2 Nf6 5. d4 Nc6 6. Be3 O-O-O 7. Nbd2 e5 8. c4 Qa5 9. d5 Bxf3 10. Bxf3 Nd4 11. O-O Nxf3+ 12. Qxf3 Bc5 13. Nb3 Qb4 14. Nxc5 Qxc4 15. Qf5+ Kb8 16. Rac1 Qxd5 17. h3 Qxa2 18. Ra1 Qxb2 19. Rfb1 1-0


[Site "https://www.chess.com"]

[Event "Titled Tuesday Blitz March 15 Late 2022"]
[White "Sanal, Vahap"]
[Black "Quesada Perez, Yuniesky"]
[WhiteFideId "6300545"]
[BlackFideId "3504409"]
[WhiteElo "2603"]
[BlackElo "2622"]
[Result "0-1"]
[Round "04"]
[TimeControl "180+1"]
[Date "2022.03.15"]
[WhiteClock "0:00:06"]
[BlackClock "0:00:05"]

1. e4 d5 2. exd5 Qxd5 3. Nc3 Qa5 4. d4 Nf6 5. Bc4 Bf5 6. Bd2 c6 7. Nf3 e6 8. Qe2 Qc7 9. O-O-O Nbd7 10. Ne5 Nxe5 11. dxe5 Nd7 12. Rhe1 O-O-O 13. g4 Bg6 14. Bg5 Re8 15. f4 Nb6 16. Bb3 h6 17. Bh4 h5 18. g5 Bb4 19. Bf2 Rd8 20. Qf3 Bf5 21. Rxd8+ Rxd8 22. a3 Ba5 23. Bc5 Nd5 24. Nxd5 cxd5 25. Bd6 Rxd6 26. exd6 Qxd6 27. Rf1 g6 28. c3 Qc5 29. Bc2 Bxc2 30. Kxc2 Bc7 31. Rd1 Qd6 32. Rd4 Bb6 33. Rd3 Bc7 34. Rd4 Bb6 35. Ra4 Qc6 36. b3 a6 37. c4 Qc5 38. Qe2 Bc7 39. Kb2 Qd4+ 40. Ka2 Qxf4 41. cxd5 Qxh2 42. Qxh2 Bxh2 43. dxe6 fxe6 44. Rd4 Bg3 45. Rd3 h4 46. Kb2 Bf4 47. Kc2 Bxg5 48. Kd1 Bf4 49. Ke2 g5 50. Kf3 h3 51. Rd1 Kc7 52. Re1 h2 53. Rd1 Kc6 54. Kg2 e5 55. Rd8 e4 56. Re8 e3 57. Re4 Kd5 58. Re8 Kd4 59. Rc8 e2 60. Re8 Be3 61. Rd8+ Kc3 62. Rc8+ Kb2 63. Re8 e1=Q 64. Kxh2 Qf2+ 65. Kh3 Qf3+ 66. Kh2 g4 67. Rg8 Bf4+ 68. Kg1 g3 69. Rxg3 Bxg3 70. b4 Qf2+ 71. Kh1 Qh2# 0-1


[Site "https://www.chess.com"]

[Event "Titled Tuesday Blitz March 15 Late 2022"]
[White "Sanchez, Robert"]
[Black "Plazuelo Pascual, Juan"]
[WhiteFideId "2034360"]
[BlackFideId "32059566"]
[WhiteElo "2319"]
[BlackElo "2364"]
[Result "0-1"]
[Round "04"]
[TimeControl "180+1"]
[Date "2022.03.16"]
[WhiteClock "0:00:02"]
[BlackClock "0:00:09"]

1. e4 e5 2. Nf3 Nf6 3. Nxe5 d6 4. Nf3 Nxe4 5. Nc3 Nxc3 6. dxc3 Be7 7. Bd3 O-O 8. Be3 Re8 9. Qd2 Nd7 10. O-O-O c5 11. Kb1 Qa5 12. h4 Nf6 13. Qe2 Be6 14. c4 b5 15. Ng5 Bxc4 16. Bxc4 bxc4 17. Qxc4 d5 18. Rxd5 Nxd5 19. Qxd5 Bxg5 20. hxg5 Rad8 21. Qf5 g6 22. Qh3 h5 23. g4 Qc7 24. gxh5 Qd7 25. Qf3 Qd5 26. Qxd5 Rxd5 27. hxg6 fxg6 28. b3 a6 29. Rh4 Rc8 30. Re4 Kf7 31. Rf4+ Rf5 32. Ra4 Rc6 33. Rc4 Ke6 34. a4 Kd5 35. Rh4 c4 36. b4 c3 37. Rd4+ Ke6 38. Ka2 Rf7 39. Kb3 Rb7 40. Rf4 Kd5 41. Rd4+ Ke5 42. Rd8 Re6 43. Bd4+ Ke4 44. Bxc3 Kf4 45. Bf6 Kf3 46. c3 Re4 47. Rd4 Re1 48. Kc4 Rc1 49. b5 Rc7+ 50. Kd5 R1xc3 51. bxa6 R3c5+ 52. Kd6 R5c6+ 53. Kd5 Rc5+ 54. Kd6 R5c6+ 55. Kd5 Rxa6 0-1


[Site "https://www.chess.com"]